 Dungeon Crawl Stone Soup version 0.27-a0-1281-ge233d83751 (webtiles) character file.

Game seed: 6044576865881655140

10 freelancePsychic the Chiller (level 2, 0/19 HPs)
             Began as a Vampire Ice Elementalist on June 13, 2021.
             Was a Believer of Lugonu.
             Slain by a jackal (2 damage)
             ... on level 1 of the Dungeon.
             The game lasted 00:00:48 (252 turns).

freelancePsychic the Chiller (VpIE)                  Turns: 252, Time: 00:00:49

Health: 0/19       AC:  2    Str:  7    XL:     2   Next: 10%
Magic:  3/5        EV: 12    Int: 17    God:    Lugonu [**....]
Gold:   3          SH:  0    Dex: 14    Spells: 4/5 levels left

rFire    . . .     SeeInvis +   c - +0 dagger
rCold    . . .     Faith    .   (no shield)
rNeg     . . .     Spirit   .   a - +0 robe
rPois    .         Reflect  .   (no helmet)
rElec    .         Harm     .   (no cloak)
rCorr    .         Rampage  .   (no gloves)
Will     .....                  (no boots)
Stlth    ++........             (no amulet)
HPRegen  0.26/turn              (no ring)
MPRegen  0.09/turn              (no ring)

@: healing quickly
A: alive, fangs 3, see invisible, vampiric 1
a: Exsanguinate, Renounce Religion, Depart the Abyss, Bend Space


You were on level 1 of the Dungeon.
You worshipped Lugonu.
Lugonu was pleased with you.
You visited 1 branch of the dungeon, and saw 1 of its levels.

You collected 3 gold pieces.

Inventory:

Hand Weapons
 c - a +0 dagger (weapon)
Armour
 a - a +0 robe (worn)
Scrolls
 b - a scroll of identify {unknown}


   Skills:
 + Level 2.4 Dodging
 + Level 3.3 Stealth
 - Level 2.0 Spellcasting
 * Level 4.2 Ice Magic


You had 4 spell levels left.
You knew the following spells:

 Your Spells              Type           Power      Damage    Failure   Level
a - Freeze                Ice            64%        1d8       3%          1

Your spell library contained the following spells:

 Spells                   Type           Power      Damage    Failure   Level
 Frozen Ramparts          Ice            32%        1d5       10%         3
 Ozocubu's Armour         Ice            16%        N/A       10%         3
 Hailstorm                Conj/Ice       8%         3d4       63%         4
 Metabolic Englaciation   Hex/Ice        4%         N/A       92%         5


Dungeon Overview and Level Annotations

Branches:
Dungeon (1/15)

Altars:
Lugonu


Innate Abilities, Weirdness & Mutations

Your natural rate of healing is accelerated.
You have razor-sharp teeth.
You have supernaturally acute eyesight. (SInv)
You are afflicted with vampirism.


Message History

The bat is severely wounded.
The bat closely misses you. The jackal barely misses you. The bat hits you.
The bat hits you but does no damage. The jackal bites you. The bat hits you.
The bat closely misses you. The bat hits you but does no damage.
The bat closely misses you. The jackal bites you.
The bat hits you but does no damage. The bat closely misses you.
The bat hits you but does no damage.
Found a leather armour.
The jackal barely misses you. The bat hits you.
You closely miss the bat.
The bat is severely wounded.
The bat hits you but does no damage.
You hit the jackal.
The jackal is moderately wounded.
The bat hits you. The jackal misses you.
You hit the jackal.
The jackal is severely wounded.
The bat hits you but does no damage. The jackal bites you.
* * * LOW HITPOINT WARNING * * *
The jackal closely misses you.
You barely miss the jackal.
The jackal is severely wounded.
The jackal barely misses you. The jackal bites you.
* * * LOW HITPOINT WARNING * * *
The jackal bites you but does no damage.
You hit the jackal.
The jackal is almost dead.
The jackal bites you.
* * * LOW HITPOINT WARNING * * *
The jackal bites you.
* * * LOW HITPOINT WARNING * * *
You hit the jackal.
You kill the jackal!
Lugonu accepts your kill. The jackal closely misses you. The jackal bites you.
You die...

#.##.#.#.##.#
#....#.#.##.#
####.#.#.##.#
.#.####.#.#.#
.# ..........#
##.####.#.#.###
.......b.....[.
##.#.##h#.#.###
#...@#.#.#
#.#### # # #


You could see a jackal and a bat.

Vanquished Creatures
  A bat (D:1)
  A hobgoblin (D:1)
  5 jackals (D:1)
  2 frilled lizards (D:1)
  A kobold (D:1)
10 creatures vanquished.

Notes
Turn   | Place    | Note
-------+----------+-------------------------------------------
     0 | D:1      | freelancePsychic the Vampire Ice Elementalist began the
                  | quest for the Orb.
     0 | D:1      | Reached XP level 1. HP: 13/13 MP: 3/3
    96 | D:1      | Found a faded altar of an unknown god.
   104 | D:1      | Became a worshipper of Lugonu the Unformed
   104 | D:1      | Reached * piety under Lugonu
   104 | D:1      | Reached ** piety under Lugonu
   228 | D:1      | Reached XP level 2. HP: 10/19 MP: 1/5
   252 | D:1      | Slain by a jackal

Illustrated notes

Levels and vault maps discovered:
D:1:      psy_arrival_radial02, layout_basic,
          hellmonk_ecumenical_altar_pennies_from_heaven

Action                   || total
-------------------------++-------
Melee: Dagger            ||    30
       Bite              ||     1
 Cast: Freeze            ||     9
Armor: Robe              ||    13
Dodge: Dodged            ||    31

Table legend: (Time is in decaauts)
 A = Elapsed time spent in this place.
 B = Non-inter-level travel time spent in this place.
 C = Inter-level travel time spent in this place.
 D = Time resting spent in this place.
 E = Time spent auto-exploring this place.
 F = Levels seen in this place.
 G = Mean time per level.
                   A        B        C        D        E       F      G
               +--------+--------+--------+--------+--------+-----+--------+
         Total |    253 |    253 |      0 |      0 |    173 |   1 |  253.0 |
       Dungeon |    253 |    253 |      0 |      0 |    173 |   1 |  253.0 |
               +--------+--------+--------+--------+--------+-----+--------+

Top non-repeatable levels by time:
     D:1: 253 daAuts
